 Dungeon Crawl Stone Soup version 0.14-a0-1739-g6c2808e (webtiles) character file.

125 Mitsuki the Covered (level 5, -1/37 HPs)
             Began as a Formicid Fighter on Jan 3, 2014.
             Succumbed to poison (a potion of poison)
             ... on Level 2 of the Dungeon.
             The game lasted 00:05:12 (947 turns).

Mitsuki the Covered (Formicid Fighter)               Turns: 947, Time: 00:05:12

HP  -1/37        AC  9     Str 22      XL: 5   Next:  8%
MP   5/5         EV  5     Int 12      God:
Gold 38          SH 28     Dex 10      Spells:  0 memorised,  4 levels left

rFire  . . .     SeeInvis +     a - +0 trident
rCold  . . .     Clarity  .     b - +0 scale mail
rNeg   . . .     Conserve .     s - +0 large shield
rPois  x         rCorr    .     (helmet unavailable)
rElec  .         rRot     .     u - +0 cloak
SustAb . .       Spirit   .     (no gloves)
rMut   .         Warding  .     (no boots)
Saprov . . .     Stasis   +     (no amulet)
                                (no ring)
                                (no ring)

@: brilliant, very poisoned, slightly resistant to hostile enchantments,
extremely unstealthy
A: permanent stasis, dig shafts and tunnels, four strong arms, poison weakness,
antennae 3, exoskeleton 1
a: Dig, Shaft Self


You were on level 2 of the Dungeon.
You were not hungry.

You visited 1 branch of the dungeon, and saw 2 of its levels.

You collected 38 gold pieces.

Inventory:

Hand weapons
 a - a +0,+0 trident (weapon)
Armour
 b - a +0 scale mail (worn)
 s - a +0 large shield (worn)
 u - a +0 cloak (worn)
Comestibles
 d - a bread ration
 n - a rambutan
 r - an apricot
Scrolls
 c - a scroll of random uselessness {unknown}
 j - a scroll of identify {unknown}
 k - 3 scrolls of blinking {unknown}
 l - 2 scrolls of teleportation {unknown}
 p - 2 scrolls of amnesia {unknown}
 q - a scroll of immolation {unknown}
 t - a scroll of curse armour {unknown}
Jewellery
 e - a cursed ring of teleportation {unknown}
 f - an uncursed ring of positive energy {unknown}
 i - a +3 ring of strength {unknown}
 m - an uncursed ring of invisibility {unknown}
Potions
 v - a potion of poison


   Skills:
 - Level 3.0 Fighting
 * Level 3.1 Polearms
 + Level 4.6 Armour
 + Level 3.8 Shields


You had 4 spell levels left.
You didn't know any spells.

Dungeon Overview and Level Annotations

Branches:
Dungeon (2/16)

Altars:


Innate Abilities, Weirdness & Mutations

Your are under a permanent stasis effect.
You can dig through walls and to a lower floor.
Your four strong arms can wield any weapon, most with a shield.
You are susceptible to poison.
You have a pair of large antennae on your head (SInv).
Your body is surrounded by an exoskeleton. (HP +5, AC +1)


Message History

Drink which item? (? for menu, Esc to quit)
Your stasis keeps you stable.
It was a potion of speed.
* * * LOW HITPOINT WARNING * * *
You feel sick.
Drink which item? (? for menu, Esc to quit)
You feel refreshed.
It was a potion of restore abilities.
* * * LOW HITPOINT WARNING * * *
You feel sick.
Drink which item? (? for menu, Esc to quit)
You feel clever all of a sudden.
It was a potion of brilliance.
* * * LOW HITPOINT WARNING * * *
You feel very sick.
Drink which item? (? for menu, Esc to quit)
Okay, then.
You start resting.
* * * LOW HITPOINT WARNING * * *
You feel very sick.
You start resting.
You die...

####....## .........#
#####...## # ## ##.##
.# .# #.# ####. .#
#.# ###... .# ##+##
#.... .# ##...##
#.#.# # .###.....##
#.#@##.# .##....[..##
#.#).?.#{
.#.........###....###
.'.........'.......#
.#.........###....##
.##.......## #.......
.###.....## ##.#####
.# ##...## #.# .#
##+## #.#


There were no monsters in sight!

Vanquished Creatures
  Crazy Yiuf (D:2)
  3 adders (D:2)
  2 bats
  A giant cockroach (D:2)
  7 hobgoblins
  3 jackals (D:2)
  A giant newt (D:1)
  5 goblins
  5 kobolds (D:1)
  A quokka (D:2)
  7 rats
36 creatures vanquished.

Notes
Turn   | Place    | Note
--------------------------------------------------------------
     0 | D:1      | Mitsuki, the Formicid Fighter, began the quest for the Orb.
     0 | D:1      | Reached XP level 1. HP: 19/19 MP: 1/1
   121 | D:1      | Reached XP level 2. HP: 21/24 MP: 2/2
   162 | D:1      | Reached skill level 4 in Armour
   414 | D:1      | Reached XP level 3. HP: 24/28 MP: 3/3
   852 | D:2      | Noticed Crazy Yiuf
   862 | D:2      | Killed Crazy Yiuf
   862 | D:2      | Reached XP level 4. HP: 10/33 MP: 4/4
   941 | D:2      | Reached XP level 5. HP: 11/37 MP: 5/5
   946 | D:2      | HP: 1/37 [poison (a potion of poison)]
   947 | D:2      | Succumbed to poison (a potion of poison)

Action                   |  1- 3 |  4- 6 || total
-------------------------+-------+-------++-------
Melee: Trident           |   127 |    17 ||   144
  Use: Potion            |       |     4 ||     4
